 Dungeon Crawl Stone Soup version 0.30-a0-862-g1aabd4f9c5 (webtiles) character file.

Game seed: 14994844559300197471

18 Xodia the Insei (level 2, -2/18 HPs)
             Began as an Octopode Transmuter on Mar 9, 2023.
             Slain by a quokka (5 damage)
             ... on level 2 of the Dungeon.
             The game lasted 00:05:41 (664 turns).

Xodia the Insei (Octopode Transmuter)                Turns: 664, Time: 00:05:45

Health: -2/18      AC:  1    Str:  9    XL:     2   Next: 66%
Magic:  5/5        EV: 13    Int: 15    God:
Gold:   20         SH:  0    Dex: 12    Spells: 4/5 levels left

rFire   . . .      SeeInvis .      - Unarmed
rCold   . . .      Faith    .    (no shield)
rNeg    . . .      Spirit   .    (helmet restricted)
rPois   .          Reflect  .    j - amulet of the acrobat
rElec   .          Rampage  .    (no ring)
rCorr   .                        (no ring)
Will    .....                    (no ring)
Stlth   +++                      (no ring)
HPRegen 0.23/turn                (no ring)
MPRegen 0.09/turn                (no ring)
                                 (no ring)
                                 (no ring)

@: no status effects
A: almost no armour, amphibious, 8 rings, camouflage 1, gelatinous body 1,
(nimble swimmer 1), tentacles
a: no special abilities


You were on level 2 of the Dungeon.
You visited 1 branch of the dungeon, and saw 2 of its levels.

You collected 20 gold pieces.

Inventory:

Hand Weapons
 i - a +0 hand axe of protection
Jewellery
 j - an amulet of the acrobat (around mantle)
Scrolls
 b - a scroll of noise {unknown}
 c - a scroll of vulnerability {unknown}
 g - 3 scrolls of identify {unknown}
Potions
 a - a potion of lignification
 d - a potion of attraction {unknown}
 f - 2 potions of brilliance {unknown}
 h - a potion of invisibility {unknown}


   Skills:
 + Level 1.0 Fighting
 + Level 2.2 Dodging
 + Level 1.0 Stealth
 + Level 3.1 Unarmed Combat
 + Level 2.4 Spellcasting
 + Level 2.1 Transmutations


You had 4 spell levels left.
You knew the following spells:

 Your Spells              Type           Power      Damage    Failure   Level
a - Beastly Appendage     Tmut           16%        N/A       9%          1

Your spell library contained the following spells:

 Spells                   Type           Power      Damage    Failure   Level
 Wereblood                Tmut           8%         N/A       13%         2
 Spider Form              Tmut/Pois      5%         N/A       38%         3
 Ice Form                 Ice/Tmut       5%         N/A       80%         4


Dungeon Overview and Level Annotations

Branches:
Dungeon (2/15)

Altars:


Innate Abilities, Weirdness & Mutations

You cannot wear most types of armour.
You are amphibious.
You can wear up to eight rings at the same time.
Your skin changes colour to match your surroundings (Stealth+).
Your rubbery body absorbs attacks. (AC +1, EV +1)
((You are camouflaged when in or above water. (Stealth+)))
You have tentacles for arms and can constrict up to eight enemies at once.


Message History

b - a scroll labelled VERIKH MEWKOMUO
c - a scroll labelled ONUPEATUXZE You see here a giant cockroach corpse.
A hobgoblin comes into view.
The hobgoblin shouts!
You hear an angry hiss.
A ball python comes into view.
A quokka comes into view.
An endoplasm comes into view.
A bat and an endoplasm come into view.
The ball python completely misses you. x2; The bat moves out of view.
The endoplasm moves out of view.
The endoplasm quivers.
You tentacle-slap the ball python. Your grab misses the ball python.
The ball python is moderately wounded.
The hobgoblin hits you.
The ball python bites you but does no damage.
The ball python completely misses you.
You barely miss the ball python. You grab the ball python.
You squeeze the ball python.
You kill the ball python!
A kobold comes into view. It is wielding a +0 hand axe.
The hobgoblin hits you.
Your Stealth skill increases to level 1!
The kobold shouts!
You tentacle-slap the quokka. Your grab misses the quokka.
The quokka is heavily wounded.
You hear a shout!
The quokka bites you. The hobgoblin hits you.
* * * LOW HITPOINT WARNING * * *
A goblin comes into view. It is wielding a +0 dagger.
Unknown command.
Unknown command.
Unknown command.
Unknown command.
You barely miss the quokka.
The goblin shouts!
You grab the quokka.
The quokka is heavily wounded.
You constrict the quokka, but do no damage.
The quokka bites you.
You die...

### ## #.. ..# #g. #.#
#.# #.. #.# #.# . #K#
#.# #<# ..#..##.# #.#
#....#.# #.# ###
#..Jg.###.##########..
#r@...........†....
#.....†.......###.#
.....###..............
..##$[....####.##.###.#
#..##..# #.##.# #.#
#..#...# #.##.# #.#
#J...... .#.#.# #.#
........ # #... ..#
...... #.#


You could see 2 endoplasms, a quokka, a hobgoblin, a goblin and a kobold.

Vanquished Creatures
  2 dart slugs (D:1)
  3 endoplasms (D:1)
  A giant cockroach (D:2)
  A hobgoblin (D:2)
  A quokka (D:1)
  A ball python (D:2)
  2 bats (D:1)
  2 rats (D:1)
13 creatures vanquished.

Notes
Turn   | Place    | Note
-------+----------+-------------------------------------------
     0 | D:1      | Xodia the Octopode Transmuter began the quest for the Orb.
     0 | D:1      | Reached XP level 1. HP: 13/13 MP: 3/3
   273 | D:1      | Found a faded altar of an unknown god.
   427 | D:1      | Reached XP level 2. HP: 6/18 MP: 5/5
   663 | D:2      | Reached skill level 1 in Stealth
   664 | D:2      | Slain by a quokka

Illustrated notes

Levels and vault maps discovered:
D:1:      lightli_arrival_isolated_outpost, layout_loops_ring,
          ebering_ecumenical_altar_hall
D:2:      kennysheep_big_flooded_room, layout_loops_ring, minmay_ruptured

Skill      XL: |  1  2 |
---------------+-------+-----
Stealth        | 1 |  1.0
Fighting       | |  1.0
Dodging        | |  2.2
Unarmed Combat | |  3.1
Spellcasting   | |  2.4
Transmutations | |  2.1

Action                     || total
---------------------------++-------
  Melee: Unarmed           ||    27
         Constrict         ||    10
         Tentacles         ||     9
         Hand axe          ||     1
    Use: Scroll            ||     3
 Armour: Skin              ||     2
  Dodge: Dodged            ||    16

Table legend: (Time is in decaauts)
 A = Elapsed time spent in this place.
 B = Non-inter-level travel time spent in this place.
 C = Inter-level travel time spent in this place.
 D = Time resting spent in this place.
 E = Time spent auto-exploring this place.
 F = Levels seen in this place.
 G = Mean time per level.
                   A        B        C        D        E       F      G
               +--------+--------+--------+--------+--------+-----+--------+
         Total |    661 |    657 |      4 |      0 |      0 |   2 |  330.5 |
       Dungeon |    661 |    657 |      4 |      0 |      0 |   2 |  330.5 |
               +--------+--------+--------+--------+--------+-----+--------+

Top non-repeatable levels by time:
     D:1: 605 daAuts
     D:2: 56 daAuts
